 Dungeon Crawl Stone Soup version 0.17-a0-1446-gc28613e (console) character file.

5393 Fusha the Covert (level 10, -4/51 HPs)
             Began as a Spriggan Chaos Knight on June 28, 2015.
             Killed from afar by a deep elf knight (25 damage)
             ... with a shard of ice
             ... in a bailey.
             The game lasted 00:37:32 (8383 turns).

Fusha the Covert (Spriggan Chaos Knight)            Turns: 8383, Time: 00:37:33

Health: -4/51      AC:  7    Str:  8    XL:     10   Next: 39%
Magic:  8/8        EV: 23    Int: 14    God:    Xom [..*...]
Gold:   162        SH:  5    Dex: 15    Spells: 1 memorised, 8 levels left

rFire  . . .     SeeInvis +     n - +9 rapier {pierce, rC+ MP-9 Dex-4 Stlth+}
rCold  + + .     Clarity  +     b - +2 robe
rNeg   . . .     SustAt   .     J - +0 buckler
rPois  .         Gourm    .     (helmet restricted)
rElec  .         Spirit   .     m - +2 cloak
rCorr  .         Warding  .     (gloves unavailable)
rMut   .         Stasis   .     (boots unavailable)
MR     +....                    (no amulet)
Stlth  ++++++++..               t - ring of protection from cold
                                g - ring of stealth

@: very quick, somewhat resistant to hostile enchantments, extraordinarily
stealthy
A: unfitting armour, see invisible, clarity, herbivore 3, speed 3, slow
metabolism 2
a: Renounce Religion


You were in a bailey.
You worshipped Xom.
You were a toy of Xom.
You were full.

You visited 1 branch of the dungeon, and saw 8 of its levels.
You also visited: Bailey.

You collected 396 gold pieces.
You spent 234 gold pieces at shops.

Inventory:

Hand weapons
 a - a +0 short sword of chaos
 i - a +1 short sword of freezing
 n - the +9 rapier "Poicaus" (weapon) {pierce, rC+ MP-9 Dex-4 Stlth+}
   (You bought it in a shop on level 7 of the Dungeon)

   It inflicts extra damage upon your enemies.
   It affects your dexterity (-4).
   It protects you from cold.
   It affects your magic capacity (-9).
   It makes you more stealthy.
 r - a +0 short sword of venom
Missiles
 d - 58 poisoned needles
 e - 5 needles of confusion
 H - 6 needles of slowing
Armour
 b - a +2 robe (worn)
 m - a +2 cloak (worn)
 J - a +0 buckler (worn)
Jewellery
 g - a ring of stealth (left hand)
 t - a ring of protection from cold (right hand)
 B - an uncursed ring of fire
Magical devices
 f - a wand of lightning (0)
 s - a wand of disintegration (0)
 v - a wand of enslavement (11)
 D - a wand of frost (33)
Scrolls
 h - a scroll of immolation {unknown}
 l - 7 scrolls of teleportation {unknown}
 p - a scroll of amnesia
 y - a scroll of identify
 A - 2 scrolls of remove curse
 F - a scroll of fear
Potions
 k - a potion of heal wounds
 o - 2 potions of magic
 q - 2 potions of curing
 x - 3 potions of mutation
 z - a potion of flight {unknown}
 G - a potion of ambrosia {unknown}
 I - a potion of resistance {unknown}
Books
 C - a book of Cantrips

   Spells                             Type                      Level
   a - Corona                         Hexes                        1
   b - Animate Skeleton               Necromancy                   1
   c - Summon Small Mammal            Summoning                    1
   d - Apportation                    Translocation                1
 E - a book of Power

   Spells                             Type                      Level
   a - Fulminant Prism                Conjuration/Hexes            4
   b - Iskenderun's Mystic Blast      Conjuration                  4
   c - Venom Bolt                     Conjuration/Poison           5
   d - Bolt of Magma                  Conjuration/Fire/Earth       5
   e - Iron Shot                      Conjuration/Earth            6
   f - Orb of Destruction             Conjuration                  7
   g - Spellforged Servitor           Conjuration/Summoning        7
Comestibles
 c - 4 bread rations
 u - a slice of pizza


   Skills:
 + Level 4.7 Fighting
 - Level 9.0 Short Blades
 - Level 9.0 Dodging
 + Level 11.9 Stealth
 * Level 0.2 Shields
 - Level 3.0 Necromancy
 - Level 9.1 Evocations


You had 8 spell levels left.
You knew the following spells:

 Your Spells              Type           Power        Failure   Level  Hunger
a - Animate Skeleton      Necr           N/A          14%         1    ##.....


Dungeon Overview and Level Annotations

Branches:
Dungeon (8/15)             Temple (0/1) D:7
   Lair: D:8-11

Altars:
Ashenzari
Cheibriados
Fedhas
Gozag
Kikubaaqudgha
Nemelex Xobeh
Okawaru
Ru
Trog
Vehumet
Xom

Shops:
D:7 (   D:8 :

Annotations:
D:7 stuff behind water Bailey pulse's ghost, experienced HOFi


Innate Abilities, Weirdness & Mutations

You are tiny and cannot use many weapons and most armour.
You have supernaturally acute eyesight.
You are a herbivore.
You cover ground extremely quickly.
You need consume almost no food.
You possess an exceptional clarity of mind.


Message History

Press: ? - help, Shift-Dir - straight line, f - pulse's ghost
Aim: pulse's ghost, wielding a vorpal weapon (severely damaged, chance to defeat MR: 30%) Pulse's ghost is charmed.
This wand has 11 charges left.
You swap places.
Things that are here:
a leather armour; a long sword What do you say? t - Shout!
Orders for allies: a - Attack new target. p - Attack previous target. r - Retreat! s - Stop attacking. w - Wait here. f - Follow me.
Anything else - Stay silent.
Gang up on whom?
Press: ? - help, Dir - move target cursor, f - deep elf knight, p - pulse's ghost
Aim: a deep elf knight, wielding a short sword and wearing a leather armour (protected by a disc of dense vapour) Attack!
The deep elf knight casts a spell at you.
The shard of ice hits you! You partially resist.
You die...
Xom howls with laughter!

##..##..∩..##..##
#.)..#.....#..).#
#....##...##....#
##..##'######..##
###...###..e##+
#.....#.....#
#..∩..#.W...#
#.....#.[...#
##....#@...##
#####(#####
#....#....##
#...(.#.[...#
#.....#.....#
#.....#.....#
##...###...###
.#####'###..## ..
#...##....#


You could see a deep elf knight and the friendly pulse's ghost.

Vanquished Creatures
  Pikel (D:6)
  Psyche (D:8)
  The ghost of panicbit the Shield-Bearer, an average MiFi (D:4)
  6 yaks (D:7)
  3 deep elf magi (Bailey)
  2 deep elf fighters (Bailey)
  Menkaure (D:7)
  2 orc warriors
  2 ice beasts
  A black bear (D:7)
  A phantom (D:5)
  2 centaurs
  A necrophage (D:6)
  5 ogres
  Blork the orc (D:4)
  3 giant frogs
  2 scorpions
  6 killer bees
  5 crimson imps
  A jelly (D:3)
  2 orc priests
  2 hounds
  3 orc wizards
  A centaur skeleton (D:5)
  3 giant frog skeletons
  An iguana (D:5)
  2 worker ants
  A hound zombie (D:5)
  A hound skeleton (D:3)
  A shadow imp (D:5)
  7 adders
  An ooze (D:4)
  A worm (D:3)
  An adder skeleton (D:6)
  5 giant geckos
  22 orcs
  7 bats
  A bat zombie (D:5)
  10 giant cockroaches
  20 goblins
  16 hobgoblins
  2 ball pythons
  A giant gecko skeleton (D:4)
  4 giant newts
  A goblin (shapeshifter) (D:3)
  8 jackals
  9 kobolds
  5 quokkas
  12 rats
197 creatures vanquished.

Vanquished Creatures (collateral kills)
  A deep elf fighter (Bailey)
1 creature vanquished.

Vanquished Creatures (others)
  A slave (D:6)
  A giant frog (D:6)
  A jelly (D:6)
  An orc priest (D:6)
  2 orc wizards
  A giant gecko (D:6)
  6 orcs
  2 jackals (D:6)
  A rat (D:6)
16 creatures vanquished.

Grand Total: 214 creatures vanquished

Notes
Turn   | Place    | Note
--------------------------------------------------------------
     0 | D:1      | Fusha the Spriggan Chaos Knight began the quest for the Orb.
     0 | D:1      | Reached XP level 1. HP: 11/11 MP: 2/2
    91 | D:1      | XOM: harmless Pois miscast
   216 | D:1      | XOM: butterfly on damage
   291 | D:1      | XOM: harmless Erth miscast
   573 | D:1      | Found a sparkling altar of Nemelex Xobeh.
   666 | D:1      | Reached XP level 2. HP: 16/16 MP: 3/3
   690 | D:1      | XOM is BORED!
   690 | D:1      | XOM: noise
  1032 | D:1      | XOM: harmless Air miscast
  1121 | D:2      | XOM: silly message
  1126 | D:2      | Reached skill level 1 in Stealth
  1130 | D:2      | Reached skill level 4 in Dodging
  1438 | D:2      | XOM: vitrification
  1478 | D:2      | Reached XP level 3. HP: 16/19 MP: 4/4
  1600 | D:2      | XOM: give mutation
  1600 | D:2      | Gained mutation: You possess an exceptional clarity of mind. [Xom's grace]
  1618 | D:2      | XOM: scenery: 1 doors close
  1894 | D:3      | XOM: chaos cloud
  1905 | D:3      | Reached XP level 4. HP: 7/23 MP: 5/5
  2078 | D:3      | XOM: 5-stop teleportation journey
  2134 | D:4      | Found an opulent altar of Gozag.
  2226 | D:3      | XOM: polymorph orc priest -> jelly
  2299 | D:3      | XOM: chaos cloud
  2300 | D:3      | XOM: swap monsters
  2472 | D:3      | Reached skill level 5 in Short Blades
  2472 | D:3      | Reached XP level 5. HP: 17/27 MP: 6/6
  2621 | D:3      | Reached skill level 5 in Dodging
  2641 | D:3      | Noticed an ogre
  2648 | D:3      | Killed an ogre
  3218 | D:3      | Reached XP level 6. HP: 32/32 MP: 7/7
  3303 | D:3      | XOM: scenery: create altars
  3308 | D:3      | XOM: mild Hex miscast
  3349 | D:3      | XOM: enchant monster (bad)
  3354 | D:3      | XOM: potion effect (haste)
  3358 | D:3      | XOM: divine lightning (protected)
  3613 | D:3      | XOM: polymorph hobgoblin -> goblin
  3805 | D:4      | Noticed an ogre
  3812 | D:4      | Killed an ogre
  3812 | D:4      | Reached skill level 6 in Short Blades
  3850 | D:4      | Noticed an ogre
  3867 | D:4      | Killed an ogre
  3867 | D:4      | Reached skill level 5 in Stealth
  4023 | D:4      | Noticed panicbit's ghost (average MiFi)
  4029 | D:4      | XOM: confuse monster(s)
  4036 | D:4      | Killed panicbit's ghost
  4036 | D:4      | Reached XP level 7. HP: 35/35 MP: 8/11
  4116 | D:4      | Noticed Blork the orc
  4142 | D:4      | XOM: enchant monster (good)
  4144 | D:4      | XOM: butterfly on damage
  4160 | D:4      | Killed Blork the orc
  4443 | D:4      | Reached skill level 7 in Dodging
  4443 | D:4      | Reached skill level 5 in Evocations
  4528 | D:4      | Found a snail-covered altar of Cheibriados.
  4542 | D:4      | Found a blossoming altar of Fedhas.
  4545 | D:4      | Found a radiant altar of Vehumet.
  4545 | D:4      | Found an ancient bone altar of Kikubaaqudgha.
  4545 | D:4      | Found an iron altar of Okawaru.
  4729 | D:5      | Entered Level 5 of the Dungeon
  4993 | D:5      | Found a sacrificial altar of Ru.
  5008 | D:5      | Reached XP level 8. HP: 39/39 MP: 13/13
  5133 | D:5      | XOM: 1-stop teleportation journey
  5320 | D:5      | Reached skill level 8 in Dodging
  5449 | D:6      | XOM: god gift: 50 gold pieces
  5453 | D:6      | XOM: harmless Fire miscast
  5455 | D:6      | XOM: potion effect (berserk rage)
  5463 | D:6      | XOM: confuse monster(s)
  5599 | D:6      | XOM: enchant monster (bad)
  5736 | D:6      | XOM is BORED!
  5736 | D:6      | XOM: summons 4 hostile demons
  5877 | D:6      | Noticed Pikel
  5946 | D:6      | Killed Pikel
  5946 | D:6      | Reached skill level 9 in Stealth
  5946 | D:6      | Reached XP level 9. HP: 36/43 MP: 16/16
  5957 | D:6      | Learned a level 1 spell: Animate Skeleton
  6058 | D:6      | Found a bloodstained altar of Trog.
  6216 | D:6      | Reached skill level 1 in Necromancy
  6467 | D:6      | XOM: scenery: create altars
  6703 | D:7      | XOM: summons friendly crimson imp
  6868 | D:7      | Found Kiphylug's Antique Weapon Boutique.
  6893 | D:7      | Bought an ivory rapier for 234 gold pieces
  6893 | D:7      | Identified the +9 rapier "Poicaus" {pierce, rC+ MP-9 Dex-4 Stlth+} (You bought it in a shop on level 7 of the Dungeon)
  6920 | D:7      | Reached skill level 10 in Stealth
  6967 | D:7      | XOM: potion effect (berserk rage)
  6968 | D:7      | XOM: noise
  7165 | D:6      | XOM: god gift: 2 potions of mutation
  7353 | D:7      | Noticed Menkaure
  7363 | D:7      | Killed Menkaure
  7372 | D:7      | Found a staircase to the Ecumenical Temple.
  7380 | D:7      | Found a shattered altar of Ashenzari.
  7620 | D:7      | Reached skill level 11 in Stealth
  7620 | D:7      | XOM: potion effect (haste)
  7627 | D:7      | Reached XP level 10. HP: 29/49 MP: 8/17
  8153 | D:8      | XOM: mild Fire miscast
  8200 | D:8      | Found Osiveon's Book Emporium.
  8225 | D:8      | Noticed Psyche
  8227 | D:8      | Found a flagged portal.
  8230 | D:8      | XOM: harmless Divn miscast
  8241 | D:8      | Killed Psyche
  8264 | Bailey   | Entered a bailey
  8284 | Bailey   | Noticed pulse's ghost (experienced HOFi)
  8355 | Bailey   | XOM: harmless Air miscast
  8357 | Bailey   | XOM: cast spell 'Confusing Touch'
  8376 | Bailey   | Noticed a deep elf knight
  8383 | Bailey   | Killed from afar by a deep elf knight

Vault maps used:
D:1:      minmay_arrival_three_doors, nemelex_altar_shiori
D:2:      nicolae_overflow_hidden_temple
D:4:      minitemple, nicolae_gozag_seed_capital, first_bread,
          uniq_blork_the_orc
D:5:      nicolae_ru_sacrificial_ziggurat
D:6:      bloody_trog, uniq_pikel
D:7:      overflow_temple_1_default, minmay_temple_entry_overgrown,
          serial_shops, shop_statue, centaur_isle, uniq_menkaure
D:8:      kennysheep_mini_moat, serial_shops, kennysheep_little_box,
          enter_bailey_3, uniq_psyche, uniq_grum
Bailey:   bailey_polearm_3, bailey

Action                   |  1- 3 |  4- 6 |  7- 9 | 10-12 || total
-------------------------+-------+-------+-------+-------++-------
Melee: Short sword       |   110 |   156 |   312 |       ||   578
       Rapier            |       |       |    84 |    44 ||   128
 Cast: Animate Skeleton  |       |       |       |     3 ||     3
Evoke: Wand              |       |       |     2 |    10 ||    12
  Use: Scroll            |     2 |     5 |     2 |     6 ||    15
       Potion            |       |       |     5 |     1 ||     6
 Stab: Sleeping          |    13 |    12 |    24 |     5 ||    54
       Distracted        |       |     4 |     4 |       ||     8
       Petrifying        |       |     1 |     2 |       ||     3
       Confused          |       |     2 |     1 |       ||     3
       Petrified         |       |       |     1 |       ||     1
  Eat: Bread ration      |       |     1 |     1 |       ||     2
